[Event "Titled Tuesday Blitz December 13 Early 2022"]
[White "Ronka, Erik"]
[Black "Qashashvili, Alexandre"]
[WhiteFideId "505080"]
[BlackFideId "13600842"]
[WhiteElo "2264"]
[BlackElo "2405"]
[Result "1-0"]
[Round "07"]
[TimeControl "180+1"]
[Date "2022.12.14"]
[WhiteClock "0:00:26"]
[BlackClock "0:00:14"]

1. e4 c6 2. Nc3 d5 3. Nf3 dxe4 4. Nxe4 Nd7 5. Bc4 Ngf6 6. Qe2 Nxe4 7. Qxe4 Nf6 8. Ne5 e6 9. Qe2 Bd6 10. d4 Qc7 11. Bg5 h6 12. Bxf6 gxf6 13. Nf3 b5 14. Bb3 Bb7 15. O-O-O O-O-O 16. Rhe1 f5 17. g3 h5 18. Kb1 f4 19. c4 fxg3 20. hxg3 Qa5 21. c5 Be7 22. Bxe6+ fxe6 23. Qxe6+ Rd7 24. Ne5 Qc7 25. Nxd7 Qxd7 26. Qxe7 Qxe7 27. Rxe7 Kb8 28. Rde1 Bc8 29. Re8 Rh7 30. R1e7 Rh6 31. Rf7 Re6 32. Rd8 Re1+ 33. Kc2 Re2+ 34. Kd3 Rxb2 35. Rff8 Rxa2 36. Rxc8+ Kb7 37. Rce8 Ka6 38. Rf7 Ra3+ 39. Ke4 b4 40. Ra8 Kb5 41. Raxa7 Rc3 42. Rfb7+ Kc4 43. Ra4 Rb3 44. Raxb4+ Rxb4 45. Rxb4+ Kxb4 46. d5 Kxc5 47. dxc6 Kxc6 48. Kf5 h4 49. gxh4 Kd7 50. Kf6 Ke8 51. Kg7 Ke7 52. h5 Ke6 53. h6 Kf5 54. h7 Kf4 55. h8=Q Kf3 56. Qf8+ Kg4 57. f4 Kh5 58. f5 Kg5 59. f6 Kh5 60. f7 Kg5 61. Qd8+ Kh5 62. f8=Q Kg4 63. Qd4+ Kh5 64. Qfc5# 1-0


[Site "https://www.chess.com"]

[Event "Titled Tuesday Blitz December 13 Early 2022"]
[White "Roque Sola, Jose Luis"]
[Black "Orlov, Georgi"]
[WhiteFideId "5120390"]
[BlackFideId "2011271"]
[WhiteElo "2117"]
[BlackElo "2522"]
[Result "0-1"]
[Round "07"]
[TimeControl "180+1"]
[Date "2022.12.14"]
[WhiteClock "0:00:03"]
[BlackClock "0:01:17"]

1. c4 Nc6 2. Nc3 e5 3. Nf3 Nf6 4. g3 Bb4 5. Bg2 O-O 6. O-O Bxc3 7. bxc3 d6 8. d3 h6 9. Rb1 Rb8 10. Nd2 Bd7 11. Ba3 a6 12. e3 b5 13. cxb5 axb5 14. Ne4 Ne8 15. Qc2 f5 16. Qb3+ Kh7 17. Nd2 Nf6 18. Bb2 Qe7 19. Qc2 Qf7 20. a3 Ne7 21. c4 b4 22. axb4 Rxb4 23. Bc3 Rxb1 24. Rxb1 Bc6 25. d4 Bxg2 26. Kxg2 e4 27. f3 exf3+ 28. Nxf3 Ne4 29. Rb7 Qxc4 30. Rb3 Nd5 31. Nd2 Qe2+ 32. Kg1 Nxe3 0-1


[Site "https://www.chess.com"]

[Event "Titled Tuesday Blitz December 13 Early 2022"]
[White "Sadubayev, Airat"]
[Black "Moskvin, Anatoly"]
[WhiteFideId "13713264"]
[BlackFideId "24199990"]
[WhiteElo "2160"]
[BlackElo "2104"]
[Result "1-0"]
[Round "07"]
[TimeControl "180+1"]
[Date "2022.12.14"]
[WhiteClock "0:01:41"]
[BlackClock "0:00:42"]

1. d4 d5 2. c4 e5 3. dxe5 d4 4. Nf3 Nc6 5. a3 f6 6. exf6 Nxf6 7. e3 Bg4 8. Be2 dxe3 9. Qxd8+ Rxd8 10. Bxe3 Na5 11. Nbd2 g6 12. O-O-O Bg7 13. b4 Nc6 14. h3 Bf5 15. Nb3 O-O 16. Nfd4 Nxd4 17. Nxd4 Bc8 18. Bf3 c6 19. Rhe1 Rf7 20. Nb3 Re8 21. Bxa7 Be6 22. Na5 Nd7 23. Bd4 Bxd4 24. Rxd4 c5 25. Rde4 Nf8 26. Bg4 Bd7 1-0


[Site "https://www.chess.com"]

[Event "Titled Tuesday Blitz December 13 Early 2022"]
[White "Samunenkov, Ihor"]
[Black "Bluebaum, Matthias"]
[WhiteFideId "14187086"]
[BlackFideId "24651516"]
[WhiteElo "2442"]
[BlackElo "2634"]
[Result "0-1"]
[Round "07"]
[TimeControl "180+1"]
[Date "2022.12.13"]
[WhiteClock "0:00:01"]
[BlackClock "0:00:07"]

1. d4 d5 2. Nc3 e6 3. Bf4 Bb4 4. Qd3 Ne7 5. O-O-O O-O 6. Nf3 c5 7. dxc5 Nd7 8. a3 Nxc5 9. Qd4 Nc6 10. Qe3 Bxc3 11. Qxc3 Ne4 12. Qe1 Qf6 13. e3 e5 14. Bg3 Be6 15. Bb5 Nxg3 16. hxg3 Rac8 17. Kb1 a6 18. Ba4 b5 19. Bb3 Rfd8 20. Qd2 a5 21. Rh4 h6 22. Ka1 a4 23. Ba2 Rb8 24. c3 Na5 25. Rhh1 Ra8 26. Qe2 Nc4 27. Rh5 Bg4 28. Rh4 Bf5 29. g4 e4 30. Nd4 Qxh4 31. gxf5 Qg5 32. g4 Rac8 33. Bxc4 bxc4 34. Rh1 Qe7 35. Rh5 f6 36. Ne6 Rd6 37. Nd4 Rb8 38. Rh1 Rdb6 39. Rb1 R8b7 40. Qc2 Qd7 41. Ka2 Kh7 42. Ka1 Qe8 43. Ka2 Qb8 44. Ka1 Qa7 45. Ka2 Rb3 46. Ka1 R3b6 47. Ka2 Qb8 48. Ka1 Qh2 49. Ka2 Qg2 50. Qxa4 Qxf2 51. Qe8 Rxb2+ 0-1


[Site "https://www.chess.com"]

[Event "Titled Tuesday Blitz December 13 Early 2022"]
[White "Sarana, Alexey"]
[Black "Galchenko, Matvey"]
[WhiteFideId "24133795"]
[BlackFideId "24175480"]
[WhiteElo "2708"]
[BlackElo "2404"]
[Result "1-0"]
[Round "07"]
[TimeControl "180+1"]
[Date "2022.12.13"]
[WhiteClock "0:00:02"]
[BlackClock "0:00:05"]

1. c4 e6 2. d4 d5 3. Nc3 c6 4. cxd5 exd5 5. Bf4 Bf5 6. e3 Nd7 7. Nge2 Ngf6 8. Ng3 Bg6 9. h4 Qb6 10. Qd2 h6 11. h5 Bh7 12. Bd3 Bxd3 13. Qxd3 Qxb2 14. Rb1 Qa3 15. Rb3 Qa6 16. Qxa6 bxa6 17. Rb7 a5 18. Kd2 Bb4 19. Kd3 O-O 20. f3 c5 21. Nb5 cxd4 22. exd4 a6 23. Nc7 Rac8 24. Nf5 Rfd8 25. g4 Nf8 26. Rc1 Rd7 27. Rb6 Ne8 28. Nxe8 Rxe8 29. Rxa6 Ne6 30. Be3 Rb8 31. Rac6 Bf8 32. Rc8 Rd8 33. Rxd8 Rxd8 34. Rb1 Bb4 35. Rb3 Kf8 36. a3 Bd6 37. Nxd6 Rxd6 38. Rb5 a4 39. Bd2 Rd7 40. Ra5 Rb7 41. Bb4+ Kg8 42. Rxa4 Nf4+ 43. Ke3 Ng2+ 44. Kd2 Nf4 45. Ra8+ Kh7 46. Re8 Ne6 47. Kd3 Ng5 48. Re7 Rb6 49. f4 Ne4 50. Rxf7 Nf2+ 51. Ke2 Nxg4 52. Ra7 Nf6 53. Bc5 Re6+ 54. Kf3 Nxh5 55. a4 Kg6 56. a5 Re1 57. a6 Ra1 58. Ra8 Nf6 59. a7 Nd7 60. f5+ Kf7 61. Kf4 Ra4 62. Kg3 Nxc5 63. dxc5 Ra3+ 64. Kf4 Ke7 65. Rg8 Ra4+ 66. Ke5 Kf7 67. a8=Q Rxa8 68. Rxa8 1-0


[Site "https://www.chess.com"]

[Event "Titled Tuesday Blitz December 13 Early 2022"]
[White "Shapiro, Daniel"]
[Black "Salman, Pavel"]
[WhiteFideId "2001780"]
[BlackFideId "24153753"]
[WhiteElo "2361"]
[BlackElo "2187"]
[Result "0-1"]
[Round "07"]
[TimeControl "180+1"]
[Date "2022.12.14"]
[WhiteClock "0:00:04"]
[BlackClock "0:00:04"]

1. d4 Nf6 2. c4 c5 3. d5 b5 4. cxb5 a6 5. e3 axb5 6. Bxb5 Qa5+ 7. Nc3 Bb7 8. Ne2 Nxd5 9. O-O e6 10. a4 Be7 11. e4 Nc7 12. Ra3 O-O 13. Bf4 Bc6 14. Bd6 Bxd6 15. Qxd6 Rc8 16. Qxc5 Nba6 17. Qd4 Nb4 18. Rb3 Nca6 19. Ng3 g6 20. Nh5 gxh5 21. Nd5 Nxd5 22. Rg3+ Kf8 23. exd5 Bxd5 24. Qf6 Qd8 25. Qh6+ Ke7 26. Rg7 Qf8 27. Rd1 Rc5 28. Qg5+ Ke8 29. Rg8 Bb3 30. Qg7 Ke7 31. Rxf8 Rxf8 32. Re1 d5 33. Qe5 Nc7 34. Qg5+ Kd6 35. Qg3+ Ke7 36. Qxb3 Nxb5 37. axb5 Rb8 38. Ra1 Rbxb5 39. Ra7+ Kf6 40. Qf3+ Ke5 41. h4 Rc1+ 42. Kh2 Rc4 43. Qxf7 Rxh4+ 44. Kg3 Rg4+ 45. Kh2 Rxb2 46. f3 Rgxg2+ 47. Kh3 Rh2+ 0-1


[Site "https://www.chess.com"]

[Event "Titled Tuesday Blitz December 13 Early 2022"]
[White "Shipov, Sergei"]
[Black "Saravana, Krishnan P."]
[WhiteFideId "4113624"]
[BlackFideId "5018382"]
[WhiteElo "2780"]
[BlackElo "2190"]
[Result "0-1"]
[Round "07"]
[TimeControl "180+1"]
[Date "2022.12.14"]
[WhiteClock "0:00:21"]
[BlackClock "0:00:14"]

1. d4 d5 2. c4 c6 3. Nc3 Nf6 4. Nf3 dxc4 5. a4 Bf5 6. Nh4 Bd7 7. e3 b5 8. g3 b4 9. Nb1 Bg4 10. f3 Be6 11. e4 g6 12. Be3 Bg7 13. Nd2 c3 14. bxc3 bxc3 15. Nb3 O-O 16. Rc1 Nbd7 17. Rxc3 Nb6 18. Nc5 Bc8 19. Be2 Nbd5 20. exd5 Nxd5 21. Qd2 Nxe3 22. Rxe3 Qxd4 23. Nb3 Qxa4 24. O-O Bh3 25. Rc1 Rab8 26. Bc4 Rfd8 27. Qe2 Qa3 28. Qe1 Rb4 29. Bxf7+ Kxf7 30. Rxe7+ Kg8 31. Rxg7+ Kxg7 32. Qe7+ Kh6 33. Qxd8 Rxb3 34. Qd2+ g5 35. Qd6+ Qxd6 0-1


[Site "https://www.chess.com"]

[Event "Titled Tuesday Blitz December 13 Early 2022"]
[White "Shuvalov, Evgenij"]
[Black "Kuderinov, Kirill"]
[WhiteFideId "4187237"]
[BlackFideId "13701568"]
[WhiteElo "2049"]
[BlackElo "2459"]
[Result "0-1"]
[Round "07"]
[TimeControl "180+1"]
[Date "2022.12.14"]
[WhiteClock "0:00:01"]
[BlackClock "0:00:09"]

1. d4 Nf6 2. c4 g6 3. Nc3 Bg7 4. e4 d6 5. Nf3 O-O 6. Be2 e5 7. O-O Nc6 8. d5 Ne7 9. Ne1 Ne8 10. f3 f5 11. g4 Nf6 12. Nd3 c5 13. Be3 f4 14. Bf2 h5 15. g5 Nh7 16. h4 Bd7 17. Kh2 Nc8 18. Rg1 a6 19. a3 b5 20. b4 bxc4 21. Nb2 cxb4 22. axb4 Nb6 23. Qd2 Rf7 24. Bxc4 Nxc4 25. Nxc4 Bf8 26. Nb6 Rb8 27. Rxa6 Be8 28. Qa2 Rfb7 29. Qa5 Rc7 30. b5 Be7 31. Nba4 Kg7 32. Bb6 Rxb6 33. Qxb6 Qc8 34. Ra7 Bd8 35. Rxc7+ Bxc7 36. Qa6 Qd8 37. b6 Bb8 38. Qb7+ Kg8 39. Nb2 Nf8 40. Nc4 Nd7 41. Ra1 Nc5 42. Qa8 Bd7 43. Ra7 Kf7 44. Nb5 Ke7 45. Nc7 Bxa7 46. Qxa7 Qc8 47. Na5 Kd8 48. Nc6+ Bxc6 49. dxc6 d5 50. Nxd5 Qxc6 51. Qe7+ Kc8 52. Qf8+ Kb7 53. Qe7+ Ka6 54. Qa7+ Kb5 55. Nc7+ Kb4 0-1


[Site "https://www.chess.com"]

[Event "Titled Tuesday Blitz December 13 Early 2022"]
[White "Shuvalova, Polina"]
[Black "Kuzmin, Roman"]
[WhiteFideId "24171760"]
[BlackFideId "44134932"]
[WhiteElo "2361"]
[BlackElo "2180"]
[Result "1-0"]
[Round "07"]
[TimeControl "180+1"]
[Date "2022.12.14"]
[WhiteClock "0:00:48"]
[BlackClock "0:00:04"]

1. d4 Nf6 2. Nf3 e6 3. Bf4 Be7 4. e3 d5 5. h4 Nbd7 6. Nbd2 c5 7. c3 O-O 8. Bd3 b6 9. Qe2 Bb7 10. Ne5 c4 11. Bc2 b5 12. g4 b4 13. g5 Ne8 14. Ndf3 bxc3 15. bxc3 Qa5 16. O-O Nxe5 17. Nxe5 Nd6 18. Rac1 Nf5 19. h5 f6 20. gxf6 gxf6 21. Ng4 Nd6 22. Qf3 Kh8 23. Kh1 Nf7 24. Nh6 Nxh6 25. Bxh6 f5 26. Bxf8 Rxf8 27. Rg1 Qxc3 28. Qg3 Bf6 29. Bxf5 Qd2 30. Bxe6 c3 31. Qg8+ 1-0


[Site "https://www.chess.com"]

[Event "Titled Tuesday Blitz December 13 Early 2022"]
[White "Sjugirov, Sanan"]
[Black "Mogirzan, Matei-Valeriu"]
[WhiteFideId "4189302"]
[BlackFideId "1257455"]
[WhiteElo "2613"]
[BlackElo "1733"]
[Result "1-0"]
[Round "07"]
[TimeControl "180+1"]
[Date "2022.12.13"]
[WhiteClock "0:00:41"]
[BlackClock "0:00:02"]

1. e4 c5 2. Nf3 e6 3. d4 cxd4 4. Nxd4 Nc6 5. Nc3 a6 6. Nxc6 bxc6 7. Bd3 d5 8. O-O Nf6 9. Qf3 Be7 10. e5 Nd7 11. Qg3 g6 12. Bh6 Qc7 13. Rfe1 c5 14. b3 Bb7 15. Na4 Bc6 16. Nb2 Rb8 17. c4 d4 18. Bc2 Bf8 19. Bxf8 Nxf8 20. Nd3 Qe7 21. h4 h5 22. Nf4 Kd7 23. Be4 Nh7 24. Nd3 g5 25. Bxc6+ Kxc6 26. Re4 gxh4 27. Rxh4 Ng5 28. Kf1 Kb7 29. Qf4 Nh7 30. Ke2 Ka7 31. Rxh5 f6 32. Rah1 fxe5 33. Nxe5 Qc7 34. Qf3 d3+ 35. Qxd3 Rbd8 36. Rxh7 Rxd3 37. Rxc7+ Kb6 38. Rc6+ Kb7 39. Rxh8 1-0


[Site "https://www.chess.com"]

[Event "Titled Tuesday Blitz December 13 Early 2022"]
[White "Skuhala, Barbara"]
[Black "Petrovic, Aleksa"]
[WhiteFideId "14605465"]
[BlackFideId "967629"]
[WhiteElo "2137"]
[BlackElo "2230"]
[Result "0-1"]
[Round "07"]
[TimeControl "180+1"]
[Date "2022.12.14"]
[WhiteClock "0:01:26"]
[BlackClock "0:01:46"]

1. e4 e6 2. d4 d5 3. Nc3 Bb4 4. e5 c5 5. a3 Bxc3+ 6. bxc3 Qa5 7. Qg4 Qxc3+ 8. Kd1 Nh6 9. Qxg7 Qxd4+ 10. Ke2 Rg8 11. Qxh6 Qxe5+ 12. Kd1 Qxa1 13. Qxh7 Qh8 14. Qd3 Rg4 15. Ne2 b6 16. h3 Ba6 17. Qf3 f5 18. hxg4 Qxh1 19. Ke1 Nc6 20. gxf5 Nd4 21. Qg4 Bxe2 22. Qg8+ Kd7 23. Qf7+ Kc6 0-1


[Site "https://www.chess.com"]

[Event "Titled Tuesday Blitz December 13 Early 2022"]
[White "Sprenar, Petr"]
[Black "Wagner, Dennis"]
[WhiteFideId "397164"]
[BlackFideId "24650684"]
[WhiteElo "2182"]
[BlackElo "2470"]
[Result "1-0"]
[Round "07"]
[TimeControl "180+1"]
[Date "2022.12.14"]
[WhiteClock "0:00:10"]
[BlackClock "0:00:02"]

1. d4 Nf6 2. c4 e6 3. g3 d5 4. Nf3 Be7 5. Bg2 O-O 6. O-O dxc4 7. Na3 Bxa3 8. bxa3 Bd7 9. Ne5 Bc6 10. Nxc6 Nxc6 11. e3 Nd5 12. a4 Qd6 13. Qc2 c3 14. Rd1 Rfd8 15. Bxd5 exd5 16. Qxc3 h5 17. h4 Qe6 18. Ba3 Rd7 19. Rab1 Nd8 20. Qd3 c6 21. a5 Qg4 22. Rd2 Ne6 23. Rdb2 Rb8 24. Qe2 Qf5 25. Qc2 Qh3 26. Bc5 a6 27. Ba7 Ra8 28. Rxb7 Rxb7 29. Rxb7 g5 30. Qe2 Qf5 31. Qxh5 Kg7 32. Bb8 Rxb8 33. Rxb8 Kf6 34. Qh8+ Ke7 35. Qe5 Qc2 36. Rb7+ 1-0


[Site "https://www.chess.com"]

[Event "Titled Tuesday Blitz December 13 Early 2022"]
[White "Stanisz, Patryk"]
[Black "Tarasova, Viktoriya"]
[WhiteFideId "1123106"]
[BlackFideId "4175840"]
[WhiteElo "2069"]
[BlackElo "2182"]
[Result "0-1"]
[Round "07"]
[TimeControl "180+1"]
[Date "2022.12.14"]
[WhiteClock "0:00:06"]
[BlackClock "0:00:22"]

1. d4 Nf6 2. c4 e6 3. Nc3 Bb4 4. e3 O-O 5. Ne2 d5 6. a3 Bd6 7. Nf4 dxc4 8. Bxc4 a6 9. O-O b5 10. Bd3 Bb7 11. Nh5 Nbd7 12. b4 e5 13. Nxf6+ Nxf6 14. h3 Qe7 15. Bb2 Rfe8 16. Rc1 Rad8 17. Bb1 exd4 18. exd4 Bf4 19. Rc2 Qd6 20. Ne2 Bh6 21. Rc5 Ne4 22. Bxe4 Bxe4 23. Ng3 Bb7 24. Nf5 Qg6 25. Nxh6+ Qxh6 26. Qg4 Rd6 27. f3 Qe3+ 28. Kh2 Rg6 29. Qd7 Qe2 30. Rg1 Bxf3 0-1


[Site "https://www.chess.com"]

[Event "Titled Tuesday Blitz December 13 Early 2022"]
[White "Stijve, Theo"]
[Black "Fernandez Siles, Luis"]
[WhiteFideId "1331132"]
[BlackFideId "2209420"]
[WhiteElo "2256"]
[BlackElo "2186"]
[Result "0-1"]
[Round "07"]
[TimeControl "180+1"]
[Date "2022.12.14"]
[WhiteClock "0:00:08"]
[BlackClock "0:00:15"]

1. e4 c5 2. Nf3 Nc6 3. Nc3 g6 4. Bb5 Nd4 5. Nxd4 cxd4 6. Ne2 Bg7 7. c4 dxc3 8. bxc3 a6 9. Ba4 b5 10. Bc2 Bb7 11. O-O Nf6 12. e5 Nd5 13. d4 O-O 14. f4 Rc8 15. Bd2 a5 16. f5 b4 17. cxb4 Nxb4 18. Bb3 Qb6 19. Kh1 Qc6 20. Nf4 g5 21. d5 Qh6 22. Bxb4 axb4 23. Nd3 Rc3 24. Rc1 Rfc8 25. Rxc3 Rxc3 26. Nxb4 e6 27. f6 Bf8 28. d6 Rh3 29. Kg1 Rxh2 30. Qg4 Rxg2+ 31. Qxg2 Bxg2 32. Kxg2 Qh4 33. Nc2 Qe4+ 34. Kg1 Qxe5 35. a4 Qc5+ 36. Kg2 Qxd6 37. Ra1 Qc6+ 38. Kf2 Qb6+ 39. Kg2 Qxb3 40. Ne1 Qb2+ 0-1


[Site "https://www.chess.com"]

[Event "Titled Tuesday Blitz December 13 Early 2022"]
[White "Svane, Rasmus"]
[Black "Munkhgal, Gombosuren"]
[WhiteFideId "4657101"]
[BlackFideId "4901266"]
[WhiteElo "2674"]
[BlackElo "2577"]
[Result "1-0"]
[Round "07"]
[TimeControl "180+1"]
[Date "2022.12.13"]
[WhiteClock "0:00:21"]
[BlackClock "0:00:01"]

1. Nf3 Nf6 2. g3 g6 3. Bg2 Bg7 4. O-O O-O 5. d4 d6 6. Re1 Nc6 7. d5 Nb8 8. c4 a5 9. Nc3 b6 10. e4 Nbd7 11. Bf4 Nh5 12. Bg5 h6 13. Be3 Ba6 14. Qd2 Kh7 15. b3 Nhf6 16. Nd4 Bb7 17. h3 Nc5 18. f4 Nfd7 19. Rad1 e5 20. Ndb5 Re8 21. f5 g5 22. Rb1 Nf6 23. a3 Ba6 24. b4 axb4 25. axb4 Bxb5 26. bxc5 Bxc4 27. Rb4 b5 28. Nxb5 Bxb5 29. Rxb5 Ra4 30. Qc2 Qa8 31. c6 Ra2 32. Qc4 Qa6 33. Rc1 Ra8 34. Rb7 Qxc4 35. Rxc4 Re2 36. Ba7 Ne8 37. Bf3 Ra2 38. Bf2 Rd2 39. Rc1 Ra3 40. Rf1 Rxf3 41. Be1 Rxf1+ 42. Kxf1 Rc2 43. Ba5 Rc5 44. Bxc7 Nxc7 45. Rxc7 Kg8 46. Rd7 Bf8 47. f6 h5 48. Rd8 Rc4 49. Kf2 g4 50. hxg4 hxg4 51. Ke3 Rc5 52. Kd3 Rc1 53. Rc8 Rc5 54. Rb8 Rc1 55. Rb4 Bh6 56. Rc4 Rd1+ 57. Ke2 Rd2+ 58. Ke1 Rd4 59. Rxd4 exd4 60. c7 1-0


[Site "https://www.chess.com"]

[Event "Titled Tuesday Blitz December 13 Early 2022"]
[White "Szpar, Milosz"]
[Black "Remizov, Yaroslav"]
[WhiteFideId "1184989"]
[BlackFideId "34134015"]
[WhiteElo "2455"]
[BlackElo "2415"]
[Result "0-1"]
[Round "07"]
[TimeControl "180+1"]
[Date "2022.12.13"]
[WhiteClock "0:00:02"]
[BlackClock "0:00:17"]

1. e4 c6 2. d4 d5 3. e5 c5 4. dxc5 e6 5. a3 Bxc5 6. Nf3 Ne7 7. Bd3 Ng6 8. O-O O-O 9. b4 Bb6 10. Re1 Nc6 11. Bb2 Nf4 12. Bf1 Bd7 13. g3 Ng6 14. c4 dxc4 15. Nbd2 c3 16. Bxc3 Nce7 17. Nc4 Nd5 18. Bb2 Bc6 19. Bg2 a5 20. h4 axb4 21. h5 Nge7 22. h6 g6 23. axb4 Rxa1 24. Bxa1 Nxb4 25. Nd6 Nf5 26. Qd2 Nd5 27. Nxf5 gxf5 28. Rc1 Kh8 29. Nd4 Bxd4 30. Bxd4 f4 31. Bc5 Rg8 32. Bd6 Qg5 33. Rc4 Qxh6 34. Rd4 Qg7 35. Rxd5 fxg3 36. Be7 gxf2+ 37. Qxf2 Qxg2+ 38. Qxg2 Rxg2+ 39. Kxg2 Kg7 40. Kg3 exd5 41. Kf4 Kg6 42. Bf6 d4 43. Bh8 d3 44. Ke3 Be4 45. Bf6 Bf5 46. Be7 Kh5 47. Bb4 Kg4 48. Be7 h5 49. Bd8 h4 50. Kd2 h3 51. Be7 h2 0-1


[Site "https://www.chess.com"]

[Event "Titled Tuesday Blitz December 13 Early 2022"]
[White "Taboas Rodriguez, Daniel"]
[Black "Valle Maytin, Luis Enrique"]
[WhiteFideId "2208466"]
[BlackFideId "3503666"]
[WhiteElo "2329"]
[BlackElo "2225"]
[Result "1-0"]
[Round "07"]
[TimeControl "180+1"]
[Date "2022.12.14"]
[WhiteClock "0:00:11"]
[BlackClock "0:00:03"]

1. d4 Nf6 2. Nf3 d5 3. c4 e6 4. Bg5 Be7 5. e3 O-O 6. Nc3 h6 7. Bh4 b6 8. Bd3 Bb7 9. O-O Nbd7 10. Qe2 Rc8 11. Bg3 c5 12. cxd5 exd5 13. Ba6 Bxa6 14. Qxa6 cxd4 15. Nxd4 Nc5 16. Qxa7 Bd6 17. Bxd6 Qxd6 18. Nf5 Rc7 19. Nxd6 Rxa7 20. Rfd1 Rd7 21. Nf5 Rfd8 22. Rd4 Ne6 23. Rb4 Rb7 24. Rd1 Kf8 25. h3 h5 26. Na4 g6 27. Nd4 Rd6 28. Nxe6+ fxe6 29. e4 Rc6 30. exd5 Nxd5 31. Rb5 Ra7 32. b3 Rxa4 33. bxa4 Nc3 34. Rd8+ Ke7 35. Rb8 Nxb5 36. axb5 Rc1+ 37. Kh2 Ra1 38. Ra8 Kd6 39. a4 Kc5 40. Ra6 Ra3 41. h4 e5 42. g3 Ra2 43. Kg2 e4 44. Kf1 Ra1+ 45. Ke2 Kd4 46. Rxb6 Ra2+ 47. Kf1 Rxa4 48. Rxg6 Ra1+ 49. Kg2 Ra2 50. Kg1 e3 51. fxe3+ Kxe3 52. b6 Rb2 53. Rf6 Rb1+ 54. Kg2 Rb2+ 55. Kh3 Rb3 56. Rf5 Ke4 57. Rxh5 Rxb6 58. Rh8 Kf3 59. Rf8+ Ke3 60. h5 Rb5 61. g4 Ke4 62. Kh4 Rb1 63. Kg5 Rb5+ 64. Kh4 Rc5 65. h6 Rc1 66. g5 Rh1+ 67. Kg4 Rg1+ 68. Kh5 Ke5 69. Kg6 Ke6 70. h7 1-0


[Site "https://www.chess.com"]

[Event "Titled Tuesday Blitz December 13 Early 2022"]
[White "Tan, Zhongyi"]
[Black "Royal, Shreyas"]
[WhiteFideId "8603642"]
[BlackFideId "448869"]
[WhiteElo "2510"]
[BlackElo "2331"]
[Result "1-0"]
[Round "07"]
[TimeControl "180+1"]
[Date "2022.12.14"]
[WhiteClock "0:00:08"]
[BlackClock "0:00:19"]

1. e4 c5 2. Nf3 d6 3. d4 cxd4 4. Nxd4 Nf6 5. Nc3 Nc6 6. Bg5 e6 7. Qd3 Be7 8. O-O-O a6 9. Nxc6 bxc6 10. Be2 e5 11. f4 h6 12. fxe5 dxe5 13. Qg3 Qc7 14. Be3 Be6 15. Rhf1 g6 16. Qf2 h5 17. h3 O-O 18. Bc5 Nh7 19. g4 h4 20. Kb1 Rfb8 21. b3 a5 22. Na4 Rb4 23. Bxb4 axb4 24. Rd3 Ng5 25. Qe3 c5 26. Rfd1 c4 27. Rd5 cxb3 28. axb3 Rc8 29. Bc4 Bxd5 30. Rxd5 Ne6 31. Qb6 Nf4 32. Qxc7 Rxc7 33. Rxe5 Bd6 34. Re8+ Kg7 35. e5 Be7 36. Nb6 f6 37. Nc8 Bc5 38. Rg8+ Kh6 39. exf6 Nxh3 40. f7 Ng5 41. f8=Q+ Bxf8 42. Rxf8 h3 43. Bd5 Rd7 44. Bc6 Rd1+ 45. Kb2 h2 46. Rh8+ Kg7 47. Rxh2 Rd8 48. Na7 Rf8 49. Nb5 Rf4 50. Bd7 Rf7 51. Rd2 Ne4 52. Rd4 Nf6 53. Be6 Re7 54. Bc4 Kh6 55. Bd3 Kg5 56. Rxb4 Nd5 57. Rd4 Nf4 58. Nc3 Re3 59. Rxf4 Rxd3 60. cxd3 Kxf4 61. b4 Kxg4 62. b5 Kf3 63. b6 g5 64. b7 1-0


[Site "https://www.chess.com"]

[Event "Titled Tuesday Blitz December 13 Early 2022"]
[White "Tarnowska, Aleksandra"]
[Black "Vargas, Mauricio"]
[WhiteFideId "1180967"]
[BlackFideId "4404572"]
[WhiteElo "1776"]
[BlackElo "2025"]
[Result "1-0"]
[Round "07"]
[TimeControl "180+1"]
[Date "2022.12.14"]
[WhiteClock "0:00:04"]
[BlackClock "0:00:01"]

1. e4 c5 2. Nf3 d6 3. Bb5+ Nd7 4. O-O a6 5. Be2 b5 6. d4 c4 7. c3 Bb7 8. Nbd2 Ngf6 9. e5 dxe5 10. dxe5 Ng4 11. e6 fxe6 12. Ng5 Ngf6 13. Nxe6 Qb6 14. Nd4 e5 15. Nf5 g6 16. Ne3 Bd6 17. Nf3 O-O 18. Ng5 Nc5 19. Ng4 Rad8 20. Be3 Bb8 21. Bxc5 Qxc5 22. Nxf6+ Kh8 23. Nfe4 Qc6 24. Qc2 h6 25. Bf3 Qb6 26. Nh3 g5 27. Rad1 Bxe4 28. Bxe4 Qc7 29. Rxd8 Rxd8 30. f3 Rf8 31. Nf2 Qb6 32. Rd1 Ba7 33. Qe2 Rc8 34. Rd2 Rd8 35. Kf1 1-0


[Site "https://www.chess.com"]

[Event "Titled Tuesday Blitz December 13 Early 2022"]
[White "Terzi, Alexei"]
[Black "Omariev, Maksim"]
[WhiteFideId "13505076"]
[BlackFideId "4193423"]
[WhiteElo "2172"]
[BlackElo "2423"]
[Result "1-0"]
[Round "07"]
[TimeControl "180+1"]
[Date "2022.12.14"]
[WhiteClock "0:00:12"]
[BlackClock "0:00:01"]

1. e4 c5 2. Nc3 d6 3. f4 Nc6 4. Nf3 g6 5. Bc4 Bg7 6. O-O e6 7. d4 Nxd4 8. Be3 Ne7 9. Nxd4 cxd4 10. Bxd4 O-O 11. Bxg7 Kxg7 12. Qd4+ Kg8 13. Rad1 d5 14. exd5 exd5 15. Nxd5 Nxd5 16. Bxd5 Bf5 17. c4 Qc7 18. Rfe1 Rad8 19. Qxa7 Qxf4 20. Qd4 Qc7 21. b3 b5 22. cxb5 Qa5 23. a4 Bc2 24. Qd2 Qxd2 25. Rxd2 Bxb3 26. Re5 Bxa4 27. b6 Bc6 28. Bxc6 Rxd2 29. b7 Rc2 30. Bf3 Rb8 31. Ra5 Rd2 32. Ra8 Rdd8 33. Kf2 Kf8 34. Ke3 Ke7 35. Kf4 f6 36. h4 Kd6 37. Ra6+ Ke7 38. Ra8 h5 39. Ra6 1-0


[Site "https://www.chess.com"]

[Event "Titled Tuesday Blitz December 13 Early 2022"]
[White "Tharushi, T H D Niklesha"]
[Black "Mesa Cruz, Juan Carlos"]
[WhiteFideId "9918264"]
[BlackFideId "6423400"]
[WhiteElo "1596"]
[BlackElo "2059"]
[Result "0-1"]
[Round "07"]
[TimeControl "180+1"]
[Date "2022.12.14"]
[WhiteClock "0:00:16"]
[BlackClock "0:00:14"]

1. e4 c5 2. Nf3 d6 3. d4 cxd4 4. Nxd4 Nf6 5. Nc3 a6 6. Bg5 e6 7. f4 Be7 8. Qf3 h6 9. Qh3 e5 10. Nf5 g6 11. Ng7+ Kf8 12. Nf5 gxf5 13. exf5 Kg7 14. Bh4 exf4 15. O-O-O Nc6 16. g3 Qa5 17. gxf4 Bxf5 18. Rg1+ Kf8 19. Qg3 Rg8 20. Qe3 Rxg1 21. Qxg1 Nb4 22. a3 Nxc2 23. Bd3 Nxa3 24. Bxf5 Qxf5 25. bxa3 Qxf4+ 26. Kb2 Qxh4 27. Rd4 Qg5 28. Qe1 d5 29. h4 Qf5 30. Qd2 Rc8 31. Qxh6+ Ke8 32. Qd2 Rxc3 33. Qxc3 Ne4 34. Qc2 Bf6 35. Ka2 Bxd4 36. Qb3 Qf2+ 37. Kb1 Nd2+ 38. Ka2 Nxb3+ 39. Kxb3 Qb2+ 40. Ka4 Qb5# 0-1


[Site "https://www.chess.com"]

[Event "Titled Tuesday Blitz December 13 Early 2022"]
[White "Thorhallsson, Simon"]
[Black "Yedidia, Daniel"]
[WhiteFideId "2310090"]
[BlackFideId "30905907"]
[WhiteElo "2108"]
[BlackElo "2552"]
[Result "0-1"]
[Round "07"]
[TimeControl "180+1"]
[Date "2022.12.14"]
[WhiteClock "0:00:27"]
[BlackClock "0:00:18"]

1. Nf3 Nf6 2. c4 Nc6 3. d4 d5 4. cxd5 Nxd5 5. e4 Nf6 6. e5 Nd5 7. h3 Bf5 8. a3 a6 9. Nc3 e6 10. Bd3 Bg6 11. O-O Be7 12. Re1 O-O 13. Bxg6 hxg6 14. Ne4 f6 15. exf6 gxf6 16. Qd3 Kg7 17. Nc3 Nxc3 18. bxc3 Qd7 19. Qe3 Nd8 20. Qh6+ Kf7 21. Qh7+ Ke8 22. Qxg6+ Nf7 23. Bf4 Kd8 24. Qg4 e5 25. Qxd7+ Kxd7 26. dxe5 fxe5 27. Rad1+ Kc6 28. Nxe5+ Nxe5 29. Bxe5 Bxa3 30. h4 Bc5 31. Re2 Rae8 32. Rde1 a5 33. h5 a4 34. h6 Rxe5 35. Rxe5 Bxf2+ 36. Kh2 Bxe1 37. Rxe1 Rf6 38. g4 Rxh6+ 39. Kg3 Kc5 40. g5 Rh8 41. Re5+ Kc4 42. Re4+ Kb3 43. Rb4+ Kxc3 44. Rxa4 b5 45. Ra6 c5 46. g6 b4 47. g7 Rg8 48. Ra7 b3 49. Kf2 b2 50. Rb7 Rxg7 51. Rb5 c4 0-1


[Site "https://www.chess.com"]